 Dungeon Crawl Stone Soup version 0.28-a0-1167-g616b1c6417 (webtiles) character file.

Game seed: 17276125879607523635

1608 ChaosChampion the Thaumaturge (level 8, -3/41 HPs)
             Began as a Deep Elf Conjurer on Dec 16, 2021.
             Killed from afar by an electric eel (15 damage)
             ... with a bolt of electricity
             ... on level 6 of the Dungeon.
             The game lasted 00:10:22 (5971 turns).

ChaosChampion the Thaumaturge (Deep Elf Conjurer)   Turns: 5971, Time: 00:10:23

Health: -3/41      AC:  3    Str:  4    XL:     8   Next: 63%
Magic:  20/24      EV: 12    Int: 26    God:
Gold:   209        SH:  0    Dex: 13    Spells: 16/27 levels left

rFire   . . .      SeeInvis .   (no weapon)
rCold   . . .      Faith    .   (no shield)
rNeg    . . .      Spirit   .   a - +0 robe
rPois   .          Reflect  .   (no helmet)
rElec   .          Harm     .   s - +0 cloak
rCorr   .          Rampage  .   (no gloves)
Will    .....                   (no boots)
Stlth   ++........              p - amulet of magic regeneration
HPRegen 0.13/turn               (no ring)
MPRegen 0.59/turn               (no ring)

@: no status effects
A: no striking features
a: no special abilities


You were on level 6 of the Dungeon.
You visited 1 branch of the dungeon, and saw 6 of its levels.

You collected 209 gold pieces.

Inventory:

Missiles
 d - 2 throwing nets
Armour
 a - a +0 robe (worn)
 s - a +0 cloak (worn)
Jewellery
 e - a ring of ice
 p - an amulet of magic regeneration (around neck)
Scrolls
 b - 5 scrolls of identify {unknown}
 g - 2 scrolls of vulnerability {unknown}
 h - 2 scrolls of teleportation {unknown}
 j - 3 scrolls of torment {unknown}
 l - 3 scrolls of fog {unknown}
 n - a scroll of enchant weapon {unknown}
 o - a scroll of holy word {unknown}
 q - a scroll of noise {unknown}
 t - a scroll of blinking {unknown}
Potions
 c - 2 potions of cancellation {unknown}
 f - a potion of invisibility {unknown}
 i - a potion of flight {unknown}
 k - 3 potions of haste {unknown}
 m - 3 potions of attraction {unknown}
 r - a potion of degeneration {unknown}
 u - a potion of curing {unknown}
 v - a potion of brilliance {unknown}
 w - 2 potions of mutation {unknown}
 x - 2 potions of resistance {unknown}


   Skills:
 - Level 2.4 Dodging
 - Level 2.4 Stealth
 + Level 10.3 Spellcasting
 + Level 8.6 Conjurations
 - Level 3.0 Translocations
 - Level 3.0 Fire Magic


You had 16 spell levels left.
You knew the following spells:

 Your Spells              Type           Power      Damage    Failure   Level
a - Magic Dart            Conj           100%       1d8       1%          1
b - Searing Ray           Conj           100%       2d8       1%          2
c - Flame Wave            Conj/Fire      43%        2d8       4%          4
d - Iskenderun's Mystic   Conj/Tloc      43%        2d10      4%          4

Your spell library contained the following spells:

 Spells                   Type           Power      Damage    Failure   Level
 Foxfire                  Conj/Fire      100%       2x1d9     1%          1
 Conjure Flame            Conj/Fire      43%        6-21      1%          3
 Dazzling Flash           Conj/Hex       70%        N/A       2%          3
 Gell's Gravitas          Tloc           29%        N/A       4%          3
 Lesser Beckoning         Tloc           29%        N/A       4%          3
 Mephitic Cloud           Conj/Pois/Air  28%        N/A       4%          3
 Teleport Other           Tloc           29%        N/A       4%          3
 Corpse Rot               Necr/Air       26%        N/A       7%          2
 Poisonous Vapours        Pois/Air       26%        N/A       7%          2
 Inner Flame              Hex/Fire       21%        N/A       8%          3
 Fulminant Prism          Conj/Hex       17%        3d11      8%          4
 Ignite Poison            Fire/Tmut/Pois 18%        N/A       9%          3
 Freezing Cloud           Conj/Ice/Air   14%        6-21      36%         5


Dungeon Overview and Level Annotations

Branches:
Dungeon (6/15)
 Temple: D:4-7

Altars:
Fedhas
Gozag
Kikubaaqudgha
Nemelex Xobeh
Uskayaw
Xom
Yredelemnul

Shops:
D:5 :**

Annotations:
D:4 3 runed translucent doors, hemabe71's ghost, amateur HuAr; mojasp's ghost, weakling FoAK


Message History

Press: ? - help, Shift-Dir - straight line, f/p - howler monkey
Aim: a howler monkey (moderately wounded, 100% to hit)
The magic dart hits the howler monkey.
The howler monkey is heavily wounded.
The howler monkey hoots and howls with incredible vigour!
You hear a shout! x5; You hear an angry hiss.
You hear a shout!
Casting: Magic Dart (safe; 1% risk of failure)
Confirm with . or Enter, or press ? or * to list all spells.
Aiming: Magic Dart (safe; 1% risk of failure)
Press: ? - help, Shift-Dir - straight line, f/p - howler monkey
Aim: a howler monkey (heavily wounded, 100% to hit)
The magic dart hits the howler monkey but does no damage.
The howler monkey is heavily wounded.
Casting: Magic Dart (safe; 1% risk of failure)
Confirm with . or Enter, or press ? or * to list all spells.
You can't see any susceptible monsters within range! (Use Z to cast anyway.)
Casting: Magic Dart (safe; 1% risk of failure)
Confirm with . or Enter, or press ? or * to list all spells.
Aiming: Searing Ray (safe; 1% risk of failure)
Press: ? - help, Shift-Dir - straight line, f/p - howler monkey
Aim: a howler monkey (heavily wounded, 81% to hit)
The searing ray misses the howler monkey. (Press . to maintain the ray.)
The electric eel shoots out a bolt of lightning at you!
The bolt of electricity hits the howler monkey!
The howler monkey dies!
The bolt of electricity hits you! x2
Casting: Searing Ray (safe; 1% risk of failure)
Confirm with . or Enter, or press ? or * to list all spells.
Restarting spell: Searing Ray (safe; 1% risk of failure)
Press: ? - help, Shift-Dir - straight line, f - electric eel
Aim: an electric eel (72% to hit)
The searing ray hits the electric eel!
The electric eel is severely wounded. (Press . to maintain the ray.)
The electric eel shoots out a bolt of lightning at you!
The bolt of electricity hits you!
* * * LOW HITPOINT WARNING * * *
The bolt of electricity hits you!
You die...

.......'....'
..############....#
#.#..........'..(.#
#.#.###...####....#
#. #...# #.####
#.#.###...####.#
#.#..........#.#
#.##########.#.####
#.@..........<.....
#.##########.#.....
...
................
.....
................
≈≈≈≈.S≈
≈≈.≈≈≈≈≈≈≈≈≈.≈≈≈
≈≈≈≈≈≈≈
≈≈≈≈≈≈≈≈≈≈≈≈≈≈≈≈
≈≈≈≈≈≈≈
≈≈≈≈≈≈≈≈≈≈≈≈≈≈≈≈
#≈≈≈≈≈≈
≈≈≈≈≈≈≈≈≈≈≈≈≈≈≈≈
################


You could see an electric eel.

Vanquished Creatures
  Edmund (D:5)
  3 ogres
  A sky beast (D:5)
  A centaur (D:6)
  A phantom (D:3)
  A kobold brigand (D:6)
  A bullfrog (D:4)
  A scorpion (D:5)
  3 water moccasin skeletons
  2 vampire bats (D:3)
  2 electric eels (D:6)
  4 hounds
  A jelly (D:5)
  3 orc priests
  A bullfrog skeleton (D:5)
  A scorpion zombie (D:5)
  An orc wizard (D:3)
  A hound skeleton (D:4)
  3 gnolls (D:5)
  An adder (D:3)
  2 ufetubi (D:5)
  4 worms
  5 orcs
  8 ball pythons
  2 bats (D:1)
  3 bat skeletons (D:3)
  3 bat zombies (D:3)
  9 endoplasms
  9 goblins
  7 hobgoblins
  2 jackals (D:1)
  3 quokkas
  5 frilled lizards
  11 kobolds
  A rat (D:3)
107 creatures vanquished.

Vanquished Creatures (others)
  A howler monkey (D:6)
  An orc wizard (D:5)
2 creatures vanquished.

Grand Total: 109 creatures vanquished

Notes
Turn   | Place    | Note
-------+----------+-------------------------------------------
     0 | D:1      | ChaosChampion the Deep Elf Conjurer began the quest for the
                  | Orb.
     0 | D:1      | Reached XP level 1. HP: 10/10 MP: 6/6
   129 | D:1      | Reached XP level 2. HP: 15/15 MP: 5/8
   132 | D:1      | Learned a level 2 spell: Searing Ray
   635 | D:1      | Reached skill level 4 in Spellcasting
   859 | D:2      | Reached XP level 3. HP: 19/19 MP: 6/10
   909 | D:2      | Reached skill level 5 in Conjurations
  1546 | D:3      | Found a hide-covered altar of Uskayaw.
  1583 | D:3      | Reached skill level 5 in Spellcasting
  1583 | D:3      | Reached XP level 4. HP: 8/24 MP: 0/13
  2026 | D:3      | Reached XP level 5. HP: 15/28 MP: 11/15
  2302 | D:3      | Found a shimmering altar of Xom.
  2337 | D:3      | Found a sparkling altar of Nemelex Xobeh.
  2432 | D:3      | Reached skill level 6 in Spellcasting
  2525 | D:3      | Found an ancient bone altar of Kikubaaqudgha.
  2537 | D:3      | Reached XP level 6. HP: 28/32 MP: 8/17
  2603 | D:3      | Found a basalt altar of Yredelemnul.
  2762 | D:3      | Reached skill level 7 in Spellcasting
  3495 | D:4      | Found a blossoming altar of Fedhas.
  3706 | D:4      | Reached skill level 8 in Spellcasting
  3842 | D:4      | Found a runed translucent gate.
  3842 | D:4      | Found a runed translucent gate.
  3842 | D:4      | Found a runed translucent gate.
  3843 | D:4      | Noticed mojasp's ghost (weakling FoAK)
  3844 | D:4      | Noticed hemabe71's ghost (amateur HuAr)
  3858 | D:4      | Learned a level 4 spell: Flame Wave
  3863 | D:4      | Learned a level 4 spell: Iskenderun's Mystic Blast
  3956 | D:5      | Entered Level 5 of the Dungeon
  3956 | D:5      | Found Unuqevig's Assorted Antiques.
  3962 | D:5      | Reached XP level 7. HP: 28/36 MP: 10/20
  4064 | D:5      | Reached skill level 1 in Translocations
  4064 | D:5      | Reached skill level 1 in Fire Magic
  4099 | D:5      | Found Foaprity's Book Shop.
  4421 | D:5      | Noticed Edmund
  4430 | D:5      | Killed Edmund
  4655 | D:5      | Reached XP level 8. HP: 41/41 MP: 18/22
  4677 | D:5      | Found Nefaix's Assorted Antiques.
  4836 | D:5      | Reached skill level 9 in Spellcasting
  5447 | D:6      | Found an opulent altar of Gozag.
  5734 | D:6      | Reached skill level 10 in Spellcasting
  5971 | D:6      | Killed from afar by an electric eel

Illustrated notes

Levels and vault maps discovered:
D:1:      psy_arrival_fountain, layout_rooms
D:2:      layout_basic
D:3:      layout_basic, mainiacjoe_overflow_concentric_impassable,
          grunt_temple_overflow_open, kennysheep_vampire_church
D:4:      layout_rooms, marbit_many_paths, gammafunk_ghost_cemetery
D:5:      layout_loops_ring, serial_shops, nicolae_stop_n_shop_1,
          nicolae_take_the_stairs, nicolae_shop_trees, kennysheep_small_spiral,
          uniq_edmund
D:6:      minmay_goblin_kobold_castle, layout_basic, grunt_gozag_statues,
          lemuel_coloured_pillars_altar, nicolae_ru_awakened_eye

Skill      XL: |  1  2  3  4  5  6  7  8 |
---------------+-------------------------+-----
Spellcasting   | 4 5 6 8 10 | 10.3
Conjurations   | 5 6 7 8 |  8.6
Translocations | 3 |  3.0
Fire Magic     | 3 |  3.0
Dodging        | |  2.4
Stealth        | |  2.4

Action                   |  1- 3 |  4- 6 |  7- 9 || total
-------------------------+-------+-------+-------++-------
Melee: Unarmed           |       |     1 |       ||     1
 Cast: Magic Dart        |    74 |    78 |    34 ||   186
       Searing Ray       |     3 |    21 |    47 ||    71
       Iskenderun's Myst |       |     1 |     1 ||     2
Armor: Robe              |     1 |    14 |     2 ||    17
Dodge: Dodged            |     6 |    26 |    16 ||    48

Table legend: (Time is in decaauts)
 A = Elapsed time spent in this place.
 B = Non-inter-level travel time spent in this place.
 C = Inter-level travel time spent in this place.
 D = Time resting spent in this place.
 E = Time spent auto-exploring this place.
 F = Levels seen in this place.
 G = Mean time per level.
                   A        B        C        D        E       F      G
               +--------+--------+--------+--------+--------+-----+--------+
         Total |   5982 |   5836 |    146 |    530 |   4370 |   6 |  997.0 |
       Dungeon |   5982 |   5836 |    146 |    530 |   4370 |   6 |  997.0 |
               +--------+--------+--------+--------+--------+-----+--------+

Top non-repeatable levels by time:
     D:3: 1849 daAuts
     D:5: 1259 daAuts
     D:4: 985 daAuts
     D:1: 762 daAuts
     D:2: 589 daAuts
     D:6: 536 daAuts
